 Dungeon Crawl Stone Soup version 0.29.1-1-gd02db6906a (webtiles) character file.

Game seed: 2991836069586106692

41 smilodon the Trooper (level 3, 0/33 HPs)
             Began as a Minotaur Fighter on Sept 16, 2022.
             Succumbed to an adder's poison
             ... on level 2 of the Dungeon.
             The game lasted 00:02:19 (1262 turns).

smilodon the Trooper (Minotaur Fighter)             Turns: 1262, Time: 00:02:19

Health: 0/33       AC:  7    Str: 22    XL:     3   Next: 32%
Magic:  2/2        EV:  9    Int:  5    God:
Gold:   106        SH:  4    Dex:  9    Spells: 2/2 levels left

rFire   . . .      SeeInvis .   a - +0 flail
rCold   + . .      Faith    .   c - +0 buckler
rNeg    . . .      Spirit   .   b - +0 scale mail
rPois   .          Reflect  .   (helmet restricted)
rElec   .          Harm     .   (no cloak)
rCorr   .          Rampage  .   (no gloves)
Will    .....                   (no boots)
Stlth   ..........              (no amulet)
HPRegen 0.11/turn               h - ring of protection from cold
MPRegen 0.08/turn               (no ring)

@: lethally poisoned (0 -> -6)
A: horns 2, retaliatory headbutt
a: no special abilities


You were on level 2 of the Dungeon.
You visited 1 branch of the dungeon, and saw 2 of its levels.

You collected 106 gold pieces.

Inventory:

Hand Weapons
 a - a +0 flail (weapon)
Armour
 b - a +0 scale mail (worn)
 c - a +0 buckler (worn)
Jewellery
 h - a ring of protection from cold (left hand)
Scrolls
 e - 3 scrolls of identify
 i - a scroll of blinking {unknown}
Potions
 d - a potion of might
 g - a potion of curing


   Skills:
 + Level 4.1 Fighting
 + Level 3.1 Maces & Flails
 + Level 4.1 Armour
 + Level 4.1 Shields


You had 2 spell levels left.
You didn't know any spells.
Your spell library contained the following spells:

 Spells                   Type           Power      Damage    Failure   Level
 Ensorcelled Hibernation  Hex/Ice        0%         N/A       95%         2
 Passwall                 Tmut/Erth      0%         N/A       95%         2
 Static Discharge         Conj/Air       0%         3-3/arc   95%         2
 Swiftness                Air            0%         N/A       99%         3
 Dispel Undead            Necr           0%         3d6       100%        4
 Sticky Flame             Conj/Fire      0%         2d3       100%        4


Dungeon Overview and Level Annotations

Branches:
Dungeon (2/15)

Altars:


Innate Abilities, Weirdness & Mutations

You have a pair of horns on your head.
You reflexively headbutt those who attack you in melee.


Message History

You closely miss the adder.
The adder is heavily wounded.
The adder bites you.
The goblin hits you with a +2 mace of holy wrath.
You barely miss the adder. Your headbutt misses the adder.
The adder is heavily wounded.
You block the adder's attack.
The goblin hits you with a +2 mace of holy wrath.
The adder bites you but does no damage. You block the worm's attack.
You hit the adder. Your headbutt misses the adder.
The adder is severely wounded.
The adder bites you but does no damage. The goblin hits you but does no damage.
The adder bites you but does no damage. You block the goblin's attack.
You miss the adder. Your headbutt misses the adder.
The adder is severely wounded.
You block the adder's attack. The worm bites you!
* * * LOW HITPOINT WARNING * * *
The goblin hits you with a +2 mace of holy wrath.
* * * LOW HITPOINT WARNING * * *
You are too injured to fight recklessly!
You are too injured to fight recklessly!
You are too injured to fight recklessly!
You are too injured to fight recklessly!
You are too injured to fight recklessly!
You are too injured to fight recklessly!
You are too injured to fight recklessly!
You are too injured to fight recklessly!
You are too injured to fight recklessly!
You are too injured to fight recklessly!
You are too injured to fight recklessly!
The adder attacks as you move away! The adder bites you.
* * * LOW HITPOINT WARNING * * *
You are lethally poisoned!
The adder poisons you!
* * * LOW HITPOINT WARNING * * *
You feel sick. The adder barely misses you.
As you read the scroll labelled LUJOQYJ IRRIX, it crumbles to dust.
The creatures around you are filled with an inner flame!
It was a scroll of immolation.
You die...

#............##### .#
..#.###.#......##...
..#.#.....#......##... .
.#.#.....#......##..< #.#
..#.....#......##..) ....
#.#............##...
.....#.##.#.##......##...
.......g#...........##...
#wS@.##.#......#####
...........#.#.##########
...........#............#
...........###..........#
...........###..........#
........................#
...##?....#####.........#
... #.....# #.........#
###.........#


You could see a worm (inner flame), an adder (inner flame) and a goblin (inner
flame).

Vanquished Creatures
  Robin (D:1)
  An endoplasm (D:2)
  A giant cockroach (D:1)
  3 hobgoblins
  A quokka (D:1)
  3 bats (D:1)
  2 frilled lizards
  13 goblins
  2 kobolds (D:1)
  2 rats (D:1)
29 creatures vanquished.

Notes
Turn   | Place    | Note
-------+----------+-------------------------------------------
     0 | D:1      | smilodon the Minotaur Fighter began the quest for the Orb.
     0 | D:1      | Reached XP level 1. HP: 19/19 MP: 0/0
   255 | D:1      | Found a faded altar of an unknown god.
   311 | D:1      | Reached XP level 2. HP: 27/27 MP: 1/1
   688 | D:2      | Noticed Robin
   702 | D:1      | HP: 1/27 [goblin/+0 dagger[Robin] (1)]
  1007 | D:1      | Killed Robin
  1008 | D:1      | Reached XP level 3. HP: 27/33 MP: 2/2
  1261 | D:2      | HP: 1/33 [poisoned by an adder]
  1262 | D:2      | Succumbed to an adder's poison

Illustrated notes

Levels and vault maps discovered:
D:1:      doesnt_arrival_eight_statues, layout_basic,
          hellmonk_ecumenical_altar_heavens_door
D:2:      layout_basic, uniq_robin

Skill      XL: |  1  2 |
---------------+-------+-----
Shields        | 4 |  4.1
Fighting       | 4 |  4.1
Armour         | 4 |  4.1
Maces & Flails | 3 |  3.1

Action                   || total
-------------------------++-------
Melee: Flail             ||    68
       Headbutt          ||     7
  Use: Scroll            ||     2
       Potion            ||     1
Armor: Scale mail        ||    52
Dodge: Dodged            ||    44
Block: Buckler           ||    26
